 Dungeon Crawl Stone Soup version 0.30.1-9-gdf580d7c3d (webtiles) character file.

Game seed: 12618363669784363845

68 Kranky the Trooper (level 4, -1/49 HPs)
             Began as an Ogre Fighter on Oct 22, 2023.
             Was a Follower of Qazlal.
             Slain by Sigmund
             ... wielding a +0 scythe
              (9 damage)
             ... on level 2 of the Dungeon.
             The game lasted 00:02:02 (1169 turns).

Kranky the Trooper (Ogre Fighter)                   Turns: 1169, Time: 00:02:03

Health: -1/49      AC:  3    Str: 22    XL:     4   Next: 19%
Magic:  4/4        EV:  9    Int:  9    God:    Qazlal [*.....]
Gold:   102        SH:  9    Dex:  8    Spells: 3/3 levels left

rFire   . . .        a - +0 trident
rCold   . . .        c - +0 kite shield
rNeg    . . .        b - +0 robe
rPois   .            (helmet restricted)
rElec   .            (no cloak)
rCorr   .            (gloves unavailable)
SInv    .            (boots unavailable)
Will    .....        (no amulet)
Stlth   +            (no ring)
HPRegen 0.28/turn    (no ring)
MPRegen 0.09/turn

%: no passive effects
@: no status effects
A: large, unfitting armour, tough skin 1
a: Renounce Religion


You were on level 2 of the Dungeon.
You worshipped Qazlal.
Qazlal was aware of your devotion.
You visited 1 branch of the dungeon, and saw 2 of its levels.

You collected 102 gold pieces.

Inventory:

Hand Weapons
 a - a +0 trident (weapon)
Armour
 b - a +0 robe (worn)
 c - a +0 kite shield (worn)
Scrolls
 f - 2 scrolls of enchant weapon {unknown}
 g - a scroll of torment {unknown}
 i - 2 scrolls of teleportation {unknown}
 j - a scroll of fog {unknown}
 l - a scroll of poison {unknown}
Potions
 d - 2 potions of might
 e - 2 potions of heal wounds {unknown}
 h - a potion of flight {unknown}
 k - 2 potions of haste {unknown}


   Skills:
 + Level 4.7 Fighting
 + Level 2.7 Polearms
 + Level 3.2 Dodging
 + Level 3.5 Shields
 + Level 0.0 Invocations


You had 3 spell levels left.
You didn't know any spells.
Your spell library was empty.

Dungeon Overview and Level Annotations

Branches:
Dungeon (2/15)

Altars:
Qazlal

Shops:
D:1 *

Annotations:
D:2 Sigmund


Innate Abilities, Weirdness & Mutations

You are too large for most types of armour.
You have tough skin. (AC +1)


Message History

Something hits you!
Reach: a) +0 trident
Press: ? - help, Dir - move target You reach to attack!
You hit something but do no damage.
You hear some strange, mumbled words.
A puff of flame appears from out of thin air!
The puff of flame hits you.
Unknown command.
Reach: a) +0 trident
Press: ? - help, Dir - move target, f - you That would be overly suicidal.
Okay, then.
Reach: a) +0 trident
Press: ? - help, Dir - move target You reach to attack!
You closely miss something. Something hits you.
Unknown command.
Reach: a) +0 trident
Press: ? - help, Dir - move target You reach to attack!
You closely miss something. Something hits you.
Unknown command.
Reach: a) +0 trident
Press: ? - help, Dir - move target You reach to attack!
You barely miss something. Something hits you.
Unknown command.
Reach: a) +0 trident
Press: ? - help, Dir - move target You reach to attack!
You barely miss something.
Reach: a) +0 trident
Press: ? - help, Dir - move target You reach to attack!
You barely miss something. Something hits you but does no damage.
Reach: a) +0 trident
Press: ? - help, Dir - move target You reach to attack!
You barely miss something. Something hits you!
* * * LOW HITPOINT WARNING * * *
Unknown command.
Reach: a) +0 trident
Press: ? - help, Dir - move target You reach to attack!
You closely miss something. Something hits you!
You die...

#.# #.... . #.#
#..?# ..
######.####
#...##<..
#........>#
#......
#.####.##.###.....
#.# #.........##
#.# ####.#.##.{.#
#.# #...###.).#.#
#.# #.##.#.##@..#
#.# #.###.#######
#.# #.# #.#
####.###.# #.#
.........###.#
)###.........# .#
##.#.###### .#
#.#.# .# #.#.#


There were no monsters in sight!

Vanquished Creatures
  Jessica (D:2)
  An adder (D:2)
  3 dart slugs (D:1)
  A ball python (D:1)
  3 bats
  An endoplasm (D:1)
  2 goblins
  2 hobgoblins (D:1)
  4 jackals (D:1)
  6 kobolds
  4 rats
28 creatures vanquished.

Notes
Turn   | Place    | Note
-------+----------+-------------------------------------------
     0 | D:1      | Kranky the Ogre Fighter began the quest for the Orb.
     0 | D:1      | Reached XP level 1. HP: 24/24 MP: 1/1
   156 | D:1      | Reached XP level 2. HP: 24/32 MP: 2/2
   187 | D:1      | Found a faded altar of an unknown god.
   221 | D:1      | Prayed at the altar of an unknown god.
   221 | D:1      | Became a worshipper of Qazlal Stormbringer
   221 | D:1      | Reached * piety under Qazlal
   415 | D:1      | Found Plog's General Store.
   529 | D:1      | Reached XP level 3. HP: 38/40 MP: 3/3
   906 | D:2      | Noticed Jessica
   912 | D:2      | Killed Jessica
   913 | D:2      | Reached XP level 4. HP: 34/49 MP: 4/4
  1145 | D:2      | Noticed Sigmund
  1169 | D:2      | Slain by Sigmund

Illustrated notes

Levels and vault maps discovered:
D:1:      elethiomel_arrival_maze, layout_loops_ring,
          ebering_ecumenical_altar_abandoned, serial_shops, shop
D:2:      layout_loops_ring, uniq_sigmund, uniq_jessica

Skill      XL: |  1  2 |
---------------+-------+-----
Dodging        | 3 |  3.2
Fighting       | |  4.7
Polearms       | |  2.7
Shields        | |  3.5

Action                     |  1- 3 |  4- 6 || total
---------------------------+-------+-------++-------
  Melee: Trident           |    62 |    23 ||    85
 Armour: Robe              |    12 |     6 ||    18
  Dodge: Dodged            |     8 |     9 ||    17
  Block: Kite shield       |    15 |     2 ||    17
